 Dungeon Crawl Stone Soup version 0.28.0-43-g3370ac3207 (webtiles) character file.

Game seed: 3848178267521916189

71 nickcage the Chiller (level 4, -1/24 HPs)
             Began as a Gargoyle Ice Elementalist on Mar 24, 2022.
             Slain by Natasha (3 damage)
             ... on level 2 of the Dungeon on Mar 28, 2022.
             The game lasted 00:05:44 (1990 turns).

nickcage the Chiller (Gargoyle Ice Elementalist)    Turns: 1990, Time: 00:05:45

Health: -1/24      AC:  5    Str: 11    XL:     4   Next: 24%
Magic:  5/7        EV: 11    Int: 18    God:
Gold:   69         SH:  0    Dex: 10    Spells: 3/7 levels left

rFire   . . .      SeeInvis .   b - +0 dagger
rCold   . . .      Faith    .   (no shield)
rNeg    + . .      Spirit   .   a - +0 robe
rPois   ∞          Reflect  .   (no helmet)
rElec   +          Harm     .   (no cloak)
rCorr   .          Rampage  .   (no gloves)
Will    .....                   (no boots)
Stlth   ++........              (no amulet)
HPRegen 0.08/turn               (no ring)
MPRegen 0.10/turn               (no ring)

@: slowed, very slow
A: sickness immunity, AC +3, negative energy resistance 1, electricity
resistance, torment resistance 1, petrification resistance
a: no special abilities


You were on level 2 of the Dungeon.
You visited 1 branch of the dungeon, and saw 2 of its levels.

You collected 69 gold pieces.

Inventory:

Hand Weapons
 b - a +0 dagger (weapon)
Armour
 a - a +0 robe (worn)
Scrolls
 c - a scroll of blinking {unknown}
 e - a scroll of magic mapping {unknown}
 f - a scroll of silence {unknown}
 g - a scroll of enchant weapon {unknown}
 i - a scroll of fog {unknown}
Potions
 d - a potion of magic {unknown}
 h - 2 potions of heal wounds {unknown}


   Skills:
 - Level 1.5 Dodging
 - Level 2.1 Stealth
 - Level 2.0 Spellcasting
 + Level 5.6 Ice Magic


You had 3 spell levels left.
You knew the following spells:

 Your Spells              Type           Power      Damage    Failure   Level
a - Freeze                Ice            88%        1d10      1%          1
b - Frozen Ramparts       Ice            44%        1d6       5%          3

Your spell library contained the following spells:

 Spells                   Type           Power      Damage    Failure   Level
 Ozocubu's Armour         Ice            22%        N/A       5%          3
 Magic Dart               Conj           4%         1d3       19%         1
 Searing Ray              Conj           2%         2d4       26%         2
 Hailstorm                Conj/Ice       12%        3d5       50%         4
 Fulminant Prism          Conj/Hex       0%         3d6       87%         4


Dungeon Overview and Level Annotations

Branches:
Dungeon (2/15)

Altars:

Annotations:
D:2 Natasha


Innate Abilities, Weirdness & Mutations

You are immune to sickness and miasma.
Your stone body is resilient. (AC +3)
You are immune to poison.
You resist negative energy. (rN+)
You are resistant to electric shocks. (rElec)
You are resistant to unholy torment.
You are immune to petrification.


Message History

Natasha, Servant of Life and Death comes into view.
She is carrying a wand of flame (20).
Natasha hisses angrily.
Natasha moves out of view.
h - 2 golden potions (gained 1)
Things that are here:
a +0 falchion; a +0 scale mail Natasha zaps a wand.
The puff of flame misses you.
Natasha wildly gestures.
You feel disoriented.
Unknown command.
There is a stone staircase leading up here.
You climb upwards.
There is a stone staircase leading down here.
You start resting.
Magic restored.
You start resting.
HP restored.
You climb downwards.
Level annotation: Natasha Natasha casts a spell at you.
You feel yourself slow down.
There is a stone staircase leading up here.
Natasha zaps a wand.
The puff of flame hits you.
Natasha zaps a wand.
The puff of flame hits you!
You are too injured to fight recklessly!
Aiming: Freeze (safe; 1% risk of failure)
Press: ? - help, Q - select action Shift-Dir - straight line, f - Natasha
Aim: Natasha, carrying a wand of flame (17)
You freeze Natasha!
Natasha is heavily wounded.
Natasha zaps a wand.
The puff of flame hits you.
Natasha zaps a wand.
The puff of flame hits you!
* * * LOW HITPOINT WARNING * * *
Aiming: Freeze (safe; 1% risk of failure)
Press: ? - help, Q - select action Shift-Dir - straight line, f/p - Natasha
Aim: Natasha, carrying a wand of flame (15) (heavily wounded)
You freeze Natasha.
Natasha is severely wounded.
Natasha claws you.
You die...

..........####.###.#.###.........
####>............................
#.............................
######.#....#####...##..####..
#.#.#...######.##..# #..
#.#.#<..#..........####..
#...#...#.####...........
##########......#........... #...
#....@....#...........
#.#...###.##..h...#...........
#......[..##.....^#...........
###...######......#......)....
....... #......#...........
....... #......#...........
...h... #....>.#...........
.....$. #......############
.......


You could see Natasha.

Vanquished Creatures
  Terence (D:2)
  A dart slug (D:1)
  4 ball pythons
  3 endoplasms
  2 giant cockroaches (D:1)
  3 goblins (D:1)
  5 hobgoblins
  6 kobolds
  3 quokkas (D:1)
  7 bats
  2 frilled lizards
  3 rats (D:1)
40 creatures vanquished.

Vanquished Creatures (others)
  A plant (D:1)
1 creature vanquished.

Grand Total: 41 creatures vanquished

Notes
Turn   | Place    | Note
-------+----------+-------------------------------------------
     0 | D:1      | nickcage the Gargoyle Ice Elementalist began the quest for
                  | the Orb.
     0 | D:1      | Reached XP level 1. HP: 10/10 MP: 3/3
   208 | D:1      | Reached XP level 2. HP: 15/15 MP: 5/5
   627 | D:1      | Reached XP level 3. HP: 19/19 MP: 6/6
   631 | D:1      | Learned a level 3 spell: Frozen Ramparts
   647 | D:1      | Found a faded altar of an unknown god.
   799 | D:1      | Reached skill level 5 in Ice Magic
  1897 | D:2      | Noticed Terence
  1911 | D:2      | Killed Terence
  1912 | D:2      | Reached XP level 4. HP: 18/24 MP: 1/7
  1912 | D:2      | Noticed Natasha
  1990 | D:2      | Slain by Natasha

Illustrated notes

Levels and vault maps discovered:
D:1:      giann_horns, layout_loops_cross, serial_forest,
          infiniplex_forest_end_3, infiniplex_forest_clump_double,
          infiniplex_forest_lined_3, infiniplex_forest_lined_2,
          infiniplex_forest_lined_room_2, infiniplex_forest_clump_cross,
          infiniplex_forest_straight_4, infiniplex_forest_lined_1,
          shapermc_ecumenical_altar_pompeii, minmay_misc_feat_hallway
D:2:      layout_basic, uniq_terence, uniq_natasha

Skill      XL: |  1  2  3 |
---------------+----------+-----
Ice Magic      | 5 |  5.6
Dodging        | |  1.5
Stealth        | |  2.1
Spellcasting   | |  2.0

Action                   |  1- 3 |  4- 6 || total
-------------------------+-------+-------++-------
Melee: Dagger            |    14 |       ||    14
 Cast: Freeze            |    45 |     2 ||    47
       Frozen Ramparts   |     1 |       ||     1
  Use: Scroll            |     1 |       ||     1
 Stab: Sleeping          |     4 |       ||     4
Armor: Robe              |    25 |       ||    25
Dodge: Dodged            |    21 |     1 ||    22
